 Dungeon Crawl Stone Soup version 0.30-a0-1160-g6e42c06551 (webtiles) character file.

Game seed: 12329111549012957463

1087 hwolsky the Chopper (level 8, -2/67 (70) HPs)
             Began as a Minotaur Fighter on Apr 25, 2023.
             Was a Follower of Okawaru.
             Slain by a wight
             ... wielding a +0 spear
              (5 damage)
             ... on level 6 of the Dungeon.
             The game lasted 00:10:50 (4045 turns).

hwolsky the Chopper (Minotaur Fighter)              Turns: 4045, Time: 00:10:51

HP:   -2/67 (70)    AC:  7    Str: 23    XL:     8   Next: 9%
MP:   7/7           EV:  9    Int:  5    God:    Okawaru [*.....]
Gold: 201           SH:  5    Dex: 10    Spells: 7/7 levels left

rFire   . . .        a - +0 war axe (elec)
rCold   . . .        c - +0 buckler
rNeg    . . .        b - +0 scale mail
rPois   .            (helmet restricted)
rElec   .            (no cloak)
rCorr   .            (no gloves)
SInv    .            (no boots)
Will    .....        (no amulet) Stlth
                     (no ring)
HPRegen 0.31/turn    (no ring)
MPRegen 0.10/turn

%: no passive effects
@: mighty, lightly drained
A: horns 2, retaliatory headbutt
a: Renounce Religion, Heroism


You were on level 6 of the Dungeon.
You worshipped Okawaru.
Okawaru was aware of your devotion.
You visited 2 branches of the dungeon, and saw 7 of its levels.

You collected 201 gold pieces.

Inventory:

Hand Weapons
 a - a +0 war axe of electrocution (weapon)
Missiles
 h - 9 javelins (quivered)
Armour
 b - a +0 scale mail (worn)
 c - a +0 buckler (worn)
Jewellery
 e - a ring of wizardry
 m - a ring of positive energy
Wands
 n - a wand of digging (8)
Scrolls
 o - a scroll of fear
Potions
 f - a potion of mutation
 g - 2 potions of lignification
 i - a potion of attraction
 k - a potion of degeneration
 l - a potion of brilliance
 p - a potion of magic


   Skills:
 + Level 6.2 Fighting
 * Level 7.6 Axes
 + Level 6.2 Armour
 + Level 6.1 Shields


You had 7 spell levels left.
You didn't know any spells.
Your spell library contained the following spells:

 Spells                   Type           Power      Damage    Failure   Level
 Sublimation of Blood     Necr           0%         N/A       92%         2
 Wereblood                Tmut           0%         N/A       92%         2
 Ozocubu's Refrigeration  Ice            0%         4d7       100%        7
 Polar Vortex             Ice            0%         N/A       100%        9
 Simulacrum               Ice/Necr       Unusable   N/A       N/A         6
 Summon Hydra             Summ           Unusable   N/A       N/A         7

Dungeon Overview and Level Annotations

Branches:
Dungeon (6/15)             Temple (1/1) D:4

Altars:
Ashenzari
Cheibriados
Dithmenos
Elyvilon
Fedhas
Kikubaaqudgha
Makhleb
Nemelex Xobeh
Okawaru
Ru
Sif Muna
Trog
Vehumet
Wu Jian
Xom
The Shining One

Shops:
D:3 ((!((


Innate Abilities, Weirdness & Mutations

You have a pair of horns on your head.
You reflexively headbutt those who attack you in melee.


Message History

Found a dagger.
You see here a +0 whip of draining.
You open the door.
There is an open door here.
You see here a +0 dagger.
Done exploring.
Done exploring.
Search for what [Enter for "."]? .
No target in view!
You have 201 gold pieces.
(D) Dungeon (T) Temple
Where to? (Enter - D:5, ? - help)
There is an escape hatch in the floor here.
There is a stone staircase leading down here.
You climb downwards.
There is a stone staircase leading up here.
There are monsters nearby!
You closely miss the wight. The wight completely misses you.
The wight hits you with a +0 great sword!
You completely miss the wight. You hit the wight. x2
The wight hits you with a +2 war axe.
You feel drained. The wight hits you but does no damage.
The wight hits you with a +0 great sword.
The wight hits you with a +0 short sword.
You slash the wight!
The wight is severely damaged.
You closely miss the wight. You slash the wight! You barely miss the wight.
The wight hits you with a +0 great sword!
The wight hits you with a +2 war axe! The wight closely misses you.
The wight hits you from afar with a +0 spear.
The wight hits you but does no damage.
You feel very mighty all of a sudden.
The wight hits you with a +0 great sword!!
* * * LOW HITPOINT WARNING * * *
The wight hits you with a +2 war axe!
* * * LOW HITPOINT WARNING * * *
You feel drained.
* * * LOW HITPOINT WARNING * * *
The wight hits you from afar with a +0 spear.
You die...

........ ......
...... ### .J..
.... ...# #
.....##..##.##.
......z........
......z@z......
.....#z........
... ##z##.....
. #.# .... #.#
... #.# .. #.#
. ###


You could see a jelly and 5 wights.

Vanquished Creatures
  The ghost of Keeumabr the Cleaver, an amateur MiBe of Trog (D:4)
  Sigmund (D:4)
  An ice beast (D:5)
  An ogre (D:4)
  A howler monkey (D:5)
  A jelly (D:4)
  A gnoll bouda (D:4)
  An orc priest (D:5)
  A sleepcap (D:5)
  2 iguanas
  4 orc wizards
  11 gnolls
  4 adders
  2 worms (D:3)
  3 dart slugs
  20 orcs
  An endoplasm (D:3)
  3 giant cockroaches
  6 hobgoblins
  4 jackals (D:1)
  3 kobolds
  5 quokkas
  4 ball pythons
  4 bats
  A frilled lizard (D:3)
  10 goblins
  6 rats
102 creatures vanquished.

Vanquished Creatures (others)
  10 plants (D:4)
10 creatures vanquished.

Grand Total: 112 creatures vanquished

Notes
Turn   | Place    | Note
-------+----------+-------------------------------------------
     0 | D:1      | hwolsky the Minotaur Fighter began the quest for the Orb.
     0 | D:1      | Reached XP level 1. HP: 19/19 MP: 0/0
    82 | D:1      | Reached XP level 2. HP: 20/27 MP: 1/1
   243 | D:1      | Reached skill level 3 in Axes
   785 | D:2      | Reached XP level 3. HP: 27/33 MP: 2/2
  1194 | D:3      | Reached XP level 4. HP: 38/40 MP: 3/3
  1281 | D:3      | Reached skill level 4 in Axes
  1432 | D:3      | Found Waustima's Antique Weapon Boutique.
  1566 | D:3      | Found Mimi Hyps's Antique Weapon Boutique.
  1708 | D:3      | Found Ufoagued's Weapon Shop.
  1763 | D:3      | Found Seummyxt's Weapon Shop.
  1832 | D:3      | Found a burning altar of Makhleb.
  1832 | D:3      | Noticed a balrug
  1837 | D:3      | Noticed a hellwing
  1837 | D:3      | Noticed an orange demon
  1991 | D:3      | Found Apnolulu's Distillery.
  1997 | D:3      | Reached XP level 5. HP: 47/47 MP: 4/4
  2065 | D:4      | Reached skill level 5 in Axes
  2068 | D:4      | Reached XP level 6. HP: 22/55 MP: 5/5
  2211 | D:4      | Found a staircase to the Ecumenical Temple.
  2227 | Temple   | Entered the Ecumenical Temple
  2463 | Temple   | Became a worshipper of Warmaster Okawaru
  2730 | D:4      | Reached skill level 5 in Fighting
  2730 | D:4      | Reached skill level 5 in Armour
  2745 | D:4      | Reached skill level 5 in Shields
  2838 | D:4      | Noticed Sigmund
  2842 | D:4      | Killed Sigmund
  2843 | D:4      | Reached skill level 6 in Axes
  2843 | D:4      | Reached XP level 7. HP: 61/61 MP: 6/6
  3030 | D:4      | Found a runed translucent door.
  3036 | D:4      | Noticed Keeumabr's ghost (amateur MiBe)
  3100 | D:4      | Killed Keeumabr's ghost
  3100 | D:4      | Reached * piety under Okawaru
  3158 | D:5      | Entered Level 5 of the Dungeon
  3245 | D:5      | Found a glowing golden altar of the Shining One.
  3384 | D:5      | Reached skill level 7 in Axes
  3649 | D:5      | Reached XP level 8. HP: 70/70 MP: 7/7
  4045 | D:6      | HP: 3/67 [wight/+2 war axe (3)]
  4045 | D:6      | Slain by a wight

Illustrated notes

Levels and vault maps discovered:
D:1:      psy_arrival_dodecagon, layout_loops_cross
D:2:      layout_rooms, minmay_misc_feat_more_columns
D:3:      layout_loops_cross, makhleb_altar_promises_db, serial_shops,
          nicolae_shop_hallway_stairs, shop, nicolae_shop_hallway_plus, shop,
          nicolae_shop_tiny_statue_garden, corexii_corridor_pit
D:4:      layout_loops_ring, minmay_temple_entry_overgrown,
          ebering_ghost_reflecting_pool, uniq_sigmund
D:5:      layout_basic, mainiacjoe_overflow_concentric_impassable
D:6:      cheibrodos_two_vegetables, layout_basic, minmay_misc_feat_x,
          minmay_circle_x
Temple:   eino_temple_water

Skill      XL: |  1  2  3  4  5  6  7 |
---------------+----------------------+-----
Axes           | 3 4 5 6 7 |  7.6
Armour         | 4 5 6 |  6.2
Fighting       | 4 5 6 |  6.2
Shields        | 4 5 6 |  6.1

Action                     |  1- 3 |  4- 6 |  7- 9 || total
---------------------------+-------+-------+-------++-------
  Melee: War axe           |    65 |    89 |    41 ||   195
         Headbutt          |     5 |    13 |     9 ||    27
    Use: Scroll            |     8 |     3 |     6 ||    17
         Potion            |     1 |     5 |     2 ||     8
   Stab: Invisible         |       |     1 |       ||     1
 Armour: Scale mail        |    24 |    32 |    14 ||    70
  Dodge: Dodged            |    42 |    45 |    15 ||   102
  Block: Buckler           |    17 |    16 |    11 ||    44

Table legend: (Time is in decaauts)
 A = Elapsed time spent in this place.
 B = Non-inter-level travel time spent in this place.
 C = Inter-level travel time spent in this place.
 D = Time resting spent in this place.
 E = Time spent auto-exploring this place.
 F = Levels seen in this place.
 G = Mean time per level.
                   A        B        C        D        E       F      G
               +--------+--------+--------+--------+--------+-----+--------+
         Total |   4088 |   3906 |    182 |     86 |   2839 |   7 |  584.0 |
       Dungeon |   3832 |   3701 |    131 |     86 |   2646 |   6 |  638.7 |
        Temple |    255 |    204 |     51 |      0 |    193 |   1 |  255.0 |
               +--------+--------+--------+--------+--------+-----+--------+

Top non-repeatable levels by time:
     D:5: 888 daAuts
     D:3: 880 daAuts
     D:4: 873 daAuts
     D:1: 638 daAuts
     D:2: 548 daAuts
  Temple: 255 daAuts
     D:6: 4 daAuts
